 Dungeon Crawl Stone Soup version 0.27.1-33-g824d729ab1 (webtiles) character file.

Game seed: 4552353804761340587

45 H0rd4k the Charlatan (level 3, 0/26 HPs)
             Began as a Human Artificer on Dec 14, 2021.
             Slain by Sigmund (4 damage)
             ... on level 2 of the Dungeon.
             The game lasted 00:01:58 (2279 turns).

H0rd4k the Charlatan (Human Artificer)              Turns: 2279, Time: 00:01:59

Health: 0/26       AC:  3    Str: 13    XL:     3   Next: 90%
Magic:  3/3        EV: 11    Int: 11    God:
Gold:   71         SH:  0    Dex: 13    Spells: 2/2 levels left

rFire    . . .     SeeInvis .   h - +0 dagger
rCold    . . .     Faith    .   (no shield)
rNeg     . . .     Spirit   .   b - +0 leather armour
rPois    .         Reflect  .   (no helmet)
rElec    .         Harm     .   (no cloak)
rCorr    .         Rampage  .   (no gloves)
Will     .....                  (no boots)
Stlth    +.........             (no amulet)
HPRegen  0.08/turn              (no ring)
MPRegen  0.08/turn              (no ring)

@: confused
A: no striking features
a: no special abilities


You were on level 2 of the Dungeon.
You visited 1 branch of the dungeon, and saw 2 of its levels.

You collected 71 gold pieces.

Inventory:

Hand Weapons
 h - a +0 dagger (weapon)
Armour
 b - a +0 leather armour (worn)
Jewellery
 a - a +4 ring of evasion
 i - a +4 ring of protection
 k - a +4 ring of evasion
Wands
 c - a wand of flame (12) (quivered)
 d - a wand of charming (15)
Scrolls
 j - a scroll of teleportation {unknown}
 l - 2 scrolls of identify {unknown}
Potions
 f - a potion of heal wounds {unknown}
 g - a potion of curing {unknown}
Miscellaneous
 e - a piece from Xom's chessboard (15/15)


   Skills:
 + Level 1.4 Fighting
 + Level 1.1 Short Blades
 - Level 2.0 Armour
 + Level 1.3 Dodging
 - Level 1.0 Stealth
 + Level 4.0 Evocations


You had 2 spell levels left.
You didn't know any spells.
Your spell library contained the following spells:

 Spells                   Type           Power      Damage    Failure   Level
 Summon Small Mammal      Summ           0%         N/A       41%         1
 Call Canine Familiar     Summ           0%         N/A       80%         3
 Summon Guardian Golem    Hex/Summ       0%         N/A       80%         3


Dungeon Overview and Level Annotations

Branches:
Dungeon (2/15)

Altars:
Dithmenos

Annotations:
D:2 Sigmund


Message History

The ball python bites you but does no damage.
The ball python constricts you.
You hit the ball python.
You kill the ball python!
No target in view!
No target in view!
No target in view!
Sigmund the Dreaded comes into view.
He is wielding a +0 scythe.
Found 9 gold pieces.
Sigmund is nearby!
Sigmund is nearby!
Found 25 arrows.
Sigmund shouts!
Sigmund points at you and mumbles some strange words.
You are confused.
You bump into the rock wall.
Sigmund gestures at you while chanting. The puff of flame hits you!
Sigmund casts a spell at you.
You are more confused.
Sigmund points at you and mumbles some strange words.
You resist with significant effort.
You're too confused to move!
Sigmund points at you and mumbles some strange words.
You are more confused.
You bump into the rock wall.
Sigmund casts a spell.
Sigmund flickers and vanishes!
Deactivating autopickup; reactivate with Ctrl-A.
You bump into the rock wall.
A puff of flame appears from out of thin air!
The puff of flame hits you!
You bump into the rock wall.
You bump into the rock wall.
You bump into the rock wall.
A magic dart appears from out of thin air!
The magic dart hits you.
* * * LOW HITPOINT WARNING * * *
Something hits you.
You die...

#.......##..♣♣.♣♣♣♣♣♣#
##.$.(...##...........#
........ ####.#......#
#..@... #...######
..... ###.# ... #.# #.#
#.# #.###########.#
#........{.@..#
###############


There were no monsters in sight!

Vanquished Creatures
  2 worms (D:2)
  3 dart slugs
  4 ball pythons
  2 bats
  5 endoplasms
  A goblin (D:2)
  4 jackals (D:1)
  2 kobolds (D:1)
  2 quokkas
  4 frilled lizards (D:1)
  3 rats
32 creatures vanquished.

Notes
Turn   | Place    | Note
-------+----------+-------------------------------------------
     0 | D:1      | H0rd4k the Human Artificer began the quest for the Orb.
     0 | D:1      | Reached XP level 1. HP: 15/15 MP: 1/1
   187 | D:1      | Reached XP level 2. HP: 18/21 MP: 2/2
   874 | D:1      | Reached XP level 3. HP: 25/26 MP: 3/3
  1690 | D:2      | Reached skill level 1 in Short Blades
  1690 | D:2      | Reached skill level 4 in Evocations
  1817 | D:2      | Found a shadowy altar of Dithmenos.
  2181 | D:2      | Found a faded altar of an unknown god.
  2257 | D:2      | Noticed Sigmund
  2279 | D:2      | Slain by Sigmund

Illustrated notes

Levels and vault maps discovered:
D:1:      tarquinn_simple_flora_water_e, layout_basic, serial_glass,
          glass_columns_a, glass_columns_a
D:2:      layout_basic, chequers_ecumenical_altar_grove, basic_altar,
          uniq_sigmund

Skill      XL: |  1  2  3 |
---------------+----------+-----
Short Blades   | 1 |  1.1
Evocations     | 4 |  4.0
Fighting       | |  1.4
Armour         | |  2.0
Dodging        | |  1.3
Stealth        | |  1.0

Action                   || total
-------------------------++-------
Melee: Dagger            ||   151
       Club              ||     4
Evoke: Wand              ||     3
 Stab: Sleeping          ||     6
Armor: Leather armour    ||    35
Dodge: Dodged            ||    81
